| TOP OF THE 1ST |
|
Pennsylvania State University Nittany Lions batting - Pitching for University of California Golden Bears : RHP Jeremy Trotter
|
|
Pitching: RHP Jeremy Trotter
|
|
|
Batting: RHB Julian Gregory
|
0-0: Ball 1-0: Swinging Strike 1-1: Fly out, F3 (Line Drive, 3, EV 73.1 MPH)
|
|
Batting: RHB Chris Trites
|
0-0: Ball 1-0: Called Strike 1-1: Foul Ball, location: 2F 1-2: Ball 2-2: Ball 3-2: Foul Ball, location: 2F 3-2: Ground out 4-3 (Groundball, 34D, EV 83.1 MPH)
|
|
Batting: LHB Tyler Francis
|
0-0: Ball 1-0: Called Strike 1-1: Ball 2-1: Fly out, F8 (Line Drive, 8RM, EV 92.5 MPH)
|
| Top of the 1st over - 0 runs, 0 hits, 0 errors, 0 left on base; Pennsylvania State University 0 - University of California 0 |
| BOTTOM OF THE 1ST |
|
University of California Golden Bears batting - Pitching for Pennsylvania State University Nittany Lions : RHP Teruhiko Ushijima
|
|
Pitching: RHP Teruhiko Ushijima
|
|
|
Batting: RHB Rory Cobb
|
0-0: Ball 1-0: Ball 2-0: Ball 3-0: Called Strike 3-1: Foul Ball, location: 2F 3-2: Foul Ball, location: 2F 3-2: Base on Balls
|
|
Batting: RHB Tommy Hunter
|
0-0: Called Strike 0-1: Foul Ball, location: 2F 0-2: Ball 1-2: SINGLE (Groundball, 6D, EV 94.4 MPH) Rory Cobb to second
|
|
Batting: RHB Tony Harper
|
0-0: Ball 1-0: DOUBLE (Line Drive, 89D, EV 107.5 MPH) Rory Cobb scores Tommy Hunter to third
|
|
Batting: RHB Mike Gangi
|
0-0: Swinging Strike 0-1: Ball 1-1: Called Strike 1-2: Ball 2-2: Ball 3-2: Base on Balls
|
|
Batting: RHB Ryan Roberts
|
0-0: Ball 1-0: Foul Ball, location: 2F 1-1: Ball 2-1: Ball 3-1: Base on Balls Tommy Hunter scores Tony Harper to third Mike Gangi to second
|
|
Batting: LHB Dean Luttman
|
0-0: Ball 1-0: Ball 2-0: Ball 3-0: Called Strike 3-1: SINGLE (Groundball, P, EV 78.1 MPH) (infield hit) Tony Harper scores Mike Gangi to third Ryan Roberts to second
|
|
Batting: RHB Timoleon Tsikouna
|
0-0: Foul Ball, location: 2F 0-1: Swinging Strike 0-2: Ball 1-2: Strikes out swinging
|
|
Batting: SHB Javon Mitchell
|
0-0: Ball 1-0: SINGLE (Flyball, 8RS, EV 90.0 MPH) Mike Gangi scores Ryan Roberts to third Dean Luttman to second
|
|
Batting: RHB Omar Amaya
|
0-0: Called Strike 0-1: Called Strike 0-2: GRAND SLAM HOME RUN (Flyball, 78XD, EV 106.3 MPH), Distance : 409 ft
|
|
Pitching: RHP Greg Hall
|
|
|
Batting: RHB Rory Cobb
|
0-0: Ball 1-0: Ball 2-0: Ball 3-0: Base on Balls
|
|
Batting: RHB Tommy Hunter
|
0-0: Ball 1-0: Fly out, F7 (Flyball, 7LM, EV 95.0 MPH)
|
|
Batting: RHB Tony Harper
|
0-0: Called Strike 0-1: Ball 1-1: Fly out, F9 (Flyball, 9LM, EV 94.4 MPH)
|
| Bottom of the 1st over - 8 runs, 5 hits, 0 errors, 1 left on base; Pennsylvania State University 0 - University of California 8 |
| TOP OF THE 2ND |
|
Pennsylvania State University Nittany Lions batting - Pitching for University of California Golden Bears : RHP Jeremy Trotter
|
|
Batting: RHB Brian Rogers
|
0-0: Ball 1-0: Ground out 6-3 (Groundball, 6, EV 86.3 MPH)
|
|
Batting: RHB Tim Long
|
0-0: Foul Ball, location: 2F 0-1: Foul Ball, location: 2F 0-2: Foul Ball, location: 2F 0-2: Ball 1-2: Ball 2-2: Ball 3-2: Foul Ball, location: 2F 3-2: Ground out 6-3 (Groundball, 6, EV 92.5 MPH)
|
|
Batting: LHB Angel Oropeza
|
0-0: Foul Ball, location: 2F 0-1: Foul Ball, location: 2F 0-2: Ball 1-2: Ball 2-2: Ball 3-2: Fly out, F9 (Flyball, 9, EV 88.1 MPH)
|
| Top of the 2nd over - 0 runs, 0 hits, 0 errors, 0 left on base; Pennsylvania State University 0 - University of California 8 |
| BOTTOM OF THE 2ND |
|
University of California Golden Bears batting - Pitching for Pennsylvania State University Nittany Lions : RHP Greg Hall
|
|
Batting: RHB Mike Gangi
|
0-0: Called Strike 0-1: Foul Ball, location: 2F 0-2: Ball 1-2: Ball 2-2: Foul Ball, location: 2F 2-2: Ground out 6-3 (Groundball, 6S, EV 93.1 MPH)
|
|
Batting: RHB Ryan Roberts
|
0-0: Ball 1-0: Ball 2-0: Called Strike 2-1: Fly out, F7 (Flyball, 7LS, EV 93.1 MPH)
|
|
Batting: LHB Dean Luttman
|
0-0: Ball 1-0: Called Strike 1-1: Fly out, F3 (Line Drive, 3, EV 65.0 MPH)
|
| Bottom of the 2nd over - 0 runs, 0 hits, 0 errors, 0 left on base; Pennsylvania State University 0 - University of California 8 |
| TOP OF THE 3RD |
|
Pennsylvania State University Nittany Lions batting - Pitching for University of California Golden Bears : RHP Jeremy Trotter
|
|
Batting: RHB Eric Wiss
|
0-0: Foul Ball, location: 2F 0-1: Fly out, F5 (Line Drive, 5, EV 68.8 MPH)
|
|
Batting: RHB Ethan Finke
|
0-0: Called Strike 0-1: Ground out 6-3 (Groundball, 6, EV 80.6 MPH)
|
|
Batting: RHB Luke Vaccarino
|
0-0: Called Strike 0-1: Ball 1-1: Swinging Strike 1-2: Ground out U3 (Groundball, 3L, EV 100.0 MPH)
|
| Top of the 3rd over - 0 runs, 0 hits, 0 errors, 0 left on base; Pennsylvania State University 0 - University of California 8 |
| BOTTOM OF THE 3RD |
|
University of California Golden Bears batting - Pitching for Pennsylvania State University Nittany Lions : RHP Greg Hall
|
|
Batting: RHB Timoleon Tsikouna
|
0-0: Called Strike 0-1: Called Strike 0-2: Fly out, F4 (Line Drive, 4, EV 64.4 MPH)
|
|
Batting: SHB Javon Mitchell
|
0-0: Ground out 4-3 (Groundball, 4, EV 100.6 MPH)
|
|
Batting: RHB Omar Amaya
|
0-0: Ball 1-0: Called Strike 1-1: DOUBLE (Flyball, 78D, EV 105.6 MPH)
|
|
Batting: RHB Rory Cobb
|
0-0: Ball 1-0: Swinging Strike 1-1: Ball 2-1: Fly out, F9 (Flyball, 9LS, EV 88.8 MPH)
|
| Bottom of the 3rd over - 0 runs, 1 hit, 0 errors, 1 left on base; Pennsylvania State University 0 - University of California 8 |
| TOP OF THE 4TH |
|
Pennsylvania State University Nittany Lions batting - Pitching for University of California Golden Bears : RHP Jeremy Trotter
|
|
Batting: RHB Julian Gregory
|
0-0: Called Strike 0-1: Fly out, F8 (Line Drive, 8LD, EV 96.3 MPH)
|
|
Batting: RHB Chris Trites
|
0-0: Called Strike 0-1: Ball 1-1: Called Strike 1-2: Foul Ball, location: 2F 1-2: Reached on error, E4 (Groundball, 4, EV 109.4 MPH)
|
|
Batting: LHB Tyler Francis
|
0-0: Swinging Strike 0-1: Ball 1-1: Ball 2-1: Ball 3-1: Swinging Strike 3-2: Strikes out swinging
|
|
Batting: RHB Brian Rogers
|
0-0: Ball 1-0: Foul Ball, location: 2F 1-1: Ball 2-1: Foul Ball, location: 2F 2-2: Ball 3-2: Foul Ball, location: 2F 3-2: Strikes out swinging
|
| Top of the 4th over - 0 runs, 0 hits, 1 error, 1 left on base; Pennsylvania State University 0 - University of California 8 |
| BOTTOM OF THE 4TH |
|
University of California Golden Bears batting - Pitching for Pennsylvania State University Nittany Lions : RHP Greg Hall
|
|
Batting: RHB Tommy Hunter
|
0-0: Called Strike 0-1: Ball 1-1: Foul Ball, location: 2F 1-2: Ball 2-2: Fly out, F1 (Popup, 13, EV 79.4 MPH)
|
|
Batting: RHB Tony Harper
|
0-0: Called Strike 0-1: Swinging Strike 0-2: SINGLE (Groundball, 6D, EV 102.5 MPH)
|
|
Batting: RHB Mike Gangi
|
0-0: Ball 1-0: Ball 2-0: Called Strike 2-1: Swinging Strike 2-2: Strikes out looking
|
|
Batting: RHB Ryan Roberts
|
0-0: Ball 1-0: Called Strike 1-1: Fielders Choice at 2nd, 6-4 (Groundball, 6, EV 90.6 MPH)
|
| Bottom of the 4th over - 0 runs, 1 hit, 0 errors, 1 left on base; Pennsylvania State University 0 - University of California 8 |
| TOP OF THE 5TH |
|
Pennsylvania State University Nittany Lions batting - Pitching for University of California Golden Bears : RHP Jeremy Trotter
|
|
Batting: RHB Tim Long
|
0-0: Ball 1-0: Ball 2-0: Fly out, F9 (Flyball, 89S, EV 91.9 MPH)
|
|
Batting: LHB Angel Oropeza
|
0-0: Ball 1-0: Called Strike 1-1: Foul Ball, location: 2F 1-2: Ball 2-2: Strikes out looking
|
|
Batting: RHB Eric Wiss
|
0-0: Swinging Strike 0-1: Swinging Strike 0-2: Ball 1-2: Fly out, F3 (Line Drive, 3, EV 62.5 MPH)
|
| Top of the 5th over - 0 runs, 0 hits, 0 errors, 0 left on base; Pennsylvania State University 0 - University of California 8 |
| BOTTOM OF THE 5TH |
|
University of California Golden Bears batting - Pitching for Pennsylvania State University Nittany Lions : RHP Greg Hall
|
|
Batting: LHB Dean Luttman
|
0-0: Ground out U3 (Groundball, 3, EV 89.4 MPH)
|
|
Batting: RHB Timoleon Tsikouna
|
0-0: Ball 1-0: Fly out, F3 (Popup, 23F, EV 78.1 MPH)
|
|
Batting: SHB Javon Mitchell
|
0-0: Called Strike 0-1: Ground out 4-3 (Groundball, 4, EV 104.4 MPH)
|
| Bottom of the 5th over - 0 runs, 0 hits, 0 errors, 0 left on base; Pennsylvania State University 0 - University of California 8 |
| TOP OF THE 6TH |
|
Pennsylvania State University Nittany Lions batting - Pitching for University of California Golden Bears : RHP Jeremy Trotter
|
|
Batting: RHB Ethan Finke
|
0-0: SINGLE (Flyball, 56D, EV 88.8 MPH)
|
|
Batting: RHB Luke Vaccarino
|
0-0: Ball 1-0: Ball 2-0: Foul Ball, location: 2F 2-1: Called Strike 2-2: Foul Ball, location: 2F 2-2: Foul Ball, location: 2F 2-2: Ball 3-2: SINGLE (Line Drive, 7S, EV 107.5 MPH) Ethan Finke to second
|
|
Pitching: RHP Miguel Montelongo
|
|
|
Batting: RHB Julian Gregory
|
0-0: Called Strike 0-1: Swinging Strike 0-2: Strikes out swinging
|
|
Batting: RHB Chris Trites
|
0-0: Swinging Strike 0-1: Foul Ball, location: 2F 0-2: Ball 1-2: Foul Ball, location: 2F 1-2: Foul Ball, location: 2F 1-2: Ball 2-2: Ball 3-2: SINGLE (Line Drive, 89S, EV 104.4 MPH) Ethan Finke to third Luke Vaccarino to second
|
|
Batting: LHB Tyler Francis
|
0-0: Foul Ball, location: 2F 0-1: Ball 1-1: SINGLE (Line Drive, 6MD, EV 96.9 MPH) Ethan Finke scores Luke Vaccarino to third Chris Trites to second Runner from 3rd tries for Home, SAFE, throw by CF to home
|
|
Batting: RHB Brian Rogers
|
0-0: Ball 1-0: Called Strike 1-1: Fly out, F9 (Flyball, 89D, EV 98.8 MPH) Runner from 2nd tags up, SAFE at 3rd, no throw by RF
|
|
Batting: RHB Tim Long
|
0-0: Ball 1-0: Ball 2-0: Ball 3-0: Called Strike 3-1: Foul Ball, location: 2F 3-2: SINGLE (Line Drive, 7S, EV 111.9 MPH) Chris Trites scores Tyler Francis to second Tyler Francis to third
|
|
Batting: LHB Angel Oropeza
|
0-0: Called Strike 0-1: Ball 1-1: Foul Ball, location: 2F 1-2: Fielders Choice at 2nd, U6 (Groundball, 6M, EV 81.3 MPH)
|
| Top of the 6th over - 3 runs, 5 hits, 0 errors, 2 left on base; Pennsylvania State University 3 - University of California 8 |
| BOTTOM OF THE 6TH |
|
University of California Golden Bears batting - Pitching for Pennsylvania State University Nittany Lions : RHP Greg Hall
|
|
Pitching: RHP Nick Kempson
|
|
|
Batting: RHB Omar Amaya
|
0-0: Ball 1-0: Called Strike 1-1: Swinging Strike 1-2: Strikes out swinging
|
|
Batting: RHB Rory Cobb
|
0-0: Hit by Pitch
|
|
Batting: RHB Tommy Hunter
|
0-0: Called Strike 0-1: Swinging Strike 0-2: Ball 1-2: Strikes out swinging
|
|
Batting: RHB Tony Harper
|
0-0: Ball 1-0: Ball 2-0: Ball 3-0: Base on Balls Rory Cobb to second
|
|
Batting: RHB Mike Gangi
|
0-0: Foul Ball, location: 2F 0-1: Swinging Strike 0-2: Hit by Pitch Rory Cobb to third Tony Harper to second
|
|
Batting: RHB Ryan Roberts
|
0-0: Ball 1-0: Ball 2-0: Ball 3-0: Called Strike 3-1: Fly out, F8 (Flyball, 8RD, EV 100.0 MPH)
|
| Bottom of the 6th over - 0 runs, 0 hits, 0 errors, 3 left on base; Pennsylvania State University 3 - University of California 8 |
| TOP OF THE 7TH |
|
Pennsylvania State University Nittany Lions batting - Pitching for University of California Golden Bears : RHP Miguel Montelongo
|
|
Batting: RHB Eric Wiss
|
0-0: Ground out 6-3 (Groundball, 6M, EV 108.1 MPH)
|
|
Batting: RHB Ethan Finke
|
0-0: Ball 1-0: Ball 2-0: Ball 3-0: Swinging Strike 3-1: Called Strike 3-2: Strikes out looking
|
|
Batting: RHB Luke Vaccarino
|
0-0: Ball 1-0: Called Strike 1-1: Ball 2-1: Foul Ball, location: 2F 2-2: Ball 3-2: SINGLE (Groundball, 56S, EV 68.1 MPH) (infield hit)
|
|
Pitching: LHP Jayden Carey
|
|
|
Batting: RHB Julian Gregory
|
0-0: Ball 1-0: SINGLE (Line Drive, 78S, EV 103.1 MPH) Luke Vaccarino to second
|
|
Batting: RHB Chris Trites
|
0-0: Ball 1-0: Ball 2-0: Called Strike 2-1: Ball 3-1: Base on Balls Luke Vaccarino to third Julian Gregory to second
|
|
Batting: LHB Tyler Francis
|
0-0: Ball 1-0: Ball 2-0: Foul Ball, location: 2F 2-1: Foul Ball, location: 2F 2-2: Ball 3-2: Strikes out swinging
|
| Top of the 7th over - 0 runs, 2 hits, 0 errors, 3 left on base; Pennsylvania State University 3 - University of California 8 |
| BOTTOM OF THE 7TH |
|
University of California Golden Bears batting - Pitching for Pennsylvania State University Nittany Lions : RHP Nick Kempson
|
|
Batting: LHB Dean Luttman
|
0-0: Ball 1-0: Reached on error, E6 (Groundball, 6, EV 99.4 MPH)
|
|
Batting: RHB Timoleon Tsikouna
|
0-0: Foul Ball, location: 2F 0-1: Ball 1-1: Foul Ball, location: 2F 1-2: Strikes out swinging
|
|
Batting: SHB Javon Mitchell
|
0-0: Called Strike 0-1: Fly out, F3 (Line Drive, 3, EV 61.3 MPH)
|
|
Batting: RHB Omar Amaya
|
0-0: Fielders Choice at 2nd, 5-4 (Groundball, 56, EV 85.0 MPH)
|
| Bottom of the 7th over - 0 runs, 0 hits, 1 error, 1 left on base; Pennsylvania State University 3 - University of California 8 |
| TOP OF THE 8TH |
|
Pennsylvania State University Nittany Lions batting - Pitching for University of California Golden Bears : LHP Jayden Carey
|
|
Batting: RHB Brian Rogers
|
0-0: Foul Ball, location: 2F 0-1: Foul Ball, location: 2F 0-2: Strikes out swinging
|
|
Batting: RHB Tim Long
|
0-0: Ball 1-0: Fly out, F8 (Flyball, 78D, EV 97.5 MPH)
|
|
Batting: LHB Angel Oropeza
|
0-0: Called Strike 0-1: Ball 1-1: Ball 2-1: Fly out, F7 (Flyball, 7, EV 84.4 MPH)
|
| Top of the 8th over - 0 runs, 0 hits, 0 errors, 0 left on base; Pennsylvania State University 3 - University of California 8 |
| BOTTOM OF THE 8TH |
|
University of California Golden Bears batting - Pitching for Pennsylvania State University Nittany Lions : RHP Nick Kempson
|
|
Batting: RHB Rory Cobb
|
0-0: Ball 1-0: SINGLE (Groundball, 4MD, EV 106.9 MPH)
|
|
Batting: RHB Tommy Hunter
|
0-0: Called Strike 0-1: Called Strike Rory Cobb steals 2nd base 0-2: Ball 1-2: Strikes out looking
|
|
Batting: RHB Tony Harper
|
0-0: Ball 1-0: Ball 2-0: Ball 3-0: Base on Balls
|
|
Pitching: RHP Antonio Reyes
|
|
|
Batting: RHB Mike Gangi
|
0-0: Ball 1-0: Foul Ball, location: 2F 1-1: Ball 2-1: Fielders Choice at 2nd, 3-6 (Groundball, 3, EV 80.0 MPH) Rory Cobb to third
|
|
Batting: RHB Ryan Roberts
|
0-0: Foul Ball, location: 2F 0-1: Foul Ball, location: 2F 0-2: SINGLE (Groundball, 25, EV 73.1 MPH) (infield hit) Rory Cobb scores Mike Gangi to second
|
|
Batting: LHB Dean Luttman
|
0-0: Ball 1-0: Ball 2-0: Fly out, F8 (Flyball, 8LS, EV 95.6 MPH)
|
| Bottom of the 8th over - 1 run, 2 hits, 0 errors, 2 left on base; Pennsylvania State University 3 - University of California 9 |
| TOP OF THE 9TH |
|
Pennsylvania State University Nittany Lions batting - Pitching for University of California Golden Bears : LHP Jayden Carey
|
|
Batting: RHB Eric Wiss
|
0-0: Called Strike 0-1: Called Strike 0-2: Ball 1-2: Ball 2-2: Fly out, F9 (Line Drive, 9, EV 91.9 MPH)
|
|
Pitching: RHP Felix Carranza
|
|
|
Batting: RHB Ethan Finke
|
0-0: Swinging Strike 0-1: Ball 1-1: Called Strike 1-2: Strikes out swinging
|
|
Batting: RHB Luke Vaccarino
|
0-0: Called Strike 0-1: Ball 1-1: Swinging Strike 1-2: Ground out 6-3 (Groundball, 6, EV 85.0 MPH)
|
| Top of the 9th over - 0 runs, 0 hits, 0 errors, 0 left on base; Pennsylvania State University 3 - University of California 9 |
|